AoeStats
← Mommy ;D

Arabia

509921764Analyzed
1v1 RM · 5d ago on Sep 28, 2026· 59m 58s· 2 players
Game mode
Random Map
Map size
Tiny (2 player)
Population
200
Speed
Normal
Resources
Standard
Victory
Conquest
Starting age
Dark Age
Ending age
Imperial Age
RankedLock teamsTeams togetherTeam positionsShared explorationLock speedFull tech treeHidden civsTurbo modeCheats
Victory
Defeat
🇦🇷 Japanese · Argentina
891
+14
🇭🇷 Malians · Croatia
853
-14
Mommy ;D
6:53 Loom
9:41 Feudal Age
11:11 Double-Bit Axe
14:27 Wheelbarrow
18:36 Horse Collar
22:25 Castle Age
21:02 Gold Mining
24:51 Bow Saw
27:45 Hand Cart
28:23 Heavy Plow
28:45 Bow Saw
30:30 Stone Mining
32:20 Stone Shaft Mining
32:34 Gold Shaft Mining
39:04 Imperial Age
36:40 Fletching
37:04 Masonry
37:38 Heavy Plow
39:12 Scale Barding Armor
39:13 Treadmill Crane
40:44 Ballistics
43:18 Sanctity
43:16 Tigui
44:12 Scale Mail Armor
44:51 Bodkin Arrow
46:34 Cavalier
47:33 Murder Holes
49:32 Architecture
50:09 Light Cavalry
52:00 Bloodlines
52:15 Chain Mail Armor
53:39 Plate Mail Armor
I AM ATOMIK
10:10 Feudal Age
10:17 Man-at-Arms
12:03 Loom
12:27 Double-Bit Axe
16:47 Horse Collar
18:26 Fletching
20:07 Forging
19:59 Scale Mail Armor
20:47 Arson
27:29 Castle Age
27:01 Padded Archer Armor
27:31 Forging
28:00 Bloodlines
28:29 Wheelbarrow
28:38 Heavy Plow
29:37 Crossbowman
31:40 Thumb Ring
32:50 Husbandry
33:38 Leather Archer Armor
34:39 Pikeman
35:06 Gambesons
35:28 Town Watch
37:50 Gold Mining
39:26 Hand Cart
39:50 Gold Shaft Mining
41:15 Stone Mining
44:53 Imperial Age
43:00 Bodkin Arrow
43:44 Iron Casting
43:59 Bow Saw
45:48 Chain Mail Armor
45:38 Scale Barding Armor
45:29 Arbalester
45:33 Cavalier
45:39 Halberdier
46:26 Elite Samurai
48:44 Two-Man Saw
48:20 Conscription
50:25 Halberdier
54:18 Blast Furnace
53:39 Chain Barding Armor
56:43 Chain Barding Armor
56:24 Bracer
Connection lost

Rejoining the realm…

Still unreachable

The connection could not be restored.

Session expired

The server has moved on; the page needs a fresh start.